 Dungeon Crawl Stone Soup version 0.18-a0-1267-gff090c1 (webtiles) character file.

17 4thArraOfDagon the Ducker (level 2, -3/16 HPs)
             Began as a Spriggan Abyssal Knight on Feb 6, 2016.
             Was a Follower of Lugonu.
             Killed by divine providence
             ... invoked by an orc priest
              (14 damage)
             ... on level 3 of the Dungeon.
             The game lasted 00:02:40 (378 turns).

4thArraOfDagon the Ducker (Spriggan Abyssal Knight)  Turns: 378, Time: 00:02:40

Health: -3/16      AC:  2    Str:  8    XL:     2   Next: 44%
Magic:  4/4        EV: 14    Int: 13    God:    Lugonu [*.....]
Gold:   11         SH:  0    Dex: 19    Spells: 0 memorised, 1 level left

rFire  + . .     SeeInvis +     a - +1 short sword
rCold  . . .     Gourm    .     b - +0 robe
rNeg   . . .     Faith    .     (shield restricted)
rPois  .         Spirit   .     (helmet restricted)
rElec  .         Dismiss  .     (no cloak)
rCorr  .         Reflect  .     (gloves unavailable)
SustAt .         Harm     .     (boots unavailable)
MR     .....                    f - amulet of regeneration
Stlth  +++.......               j - +4 ring of dexterity
                                d - ring of protection from fire

@: very quick, not resistant to hostile enchantments, fairly stealthy
A: unfitting armour, see invisible, herbivore 3, speed 3, slow metabolism 2
a: Depart the Abyss, Renounce Religion


You were on level 3 of the Dungeon.
You worshipped Lugonu.
Lugonu was aware of your devotion.
You were not hungry.

You visited 1 branch of the dungeon, and saw 3 of its levels.
You visited the Abyss 1 time.

You collected 11 gold pieces.

Inventory:

Hand Weapons
 a - a +1 short sword (weapon)
Armour
 b - a +0 robe (worn)
Jewellery
 d - a ring of protection from fire (left hand)
 f - an amulet of regeneration (around neck)
 j - a +4 ring of dexterity (right hand)
Wands
 h - a wand of slowing (26/48)
Scrolls
 g - a scroll of teleportation {unknown}
 i - a scroll of fear {unknown}
 k - a scroll of amnesia {unknown}
 l - a scroll of identify
 m - a scroll of remove curse {unknown}
Potions
 e - 2 potions of curing {unknown}
Comestibles
 c - a bread ration


   Skills:
 - Level 2.4 Fighting
 * Level 2.8 Short Blades
 - Level 3.5 Dodging
 * Level 2.5 Stealth
 - Level 1.7 Invocations


You had one spell level left.
You didn't know any spells.

Dungeon Overview and Level Annotations

Branches:
Dungeon (3/15)

Altars:
Ashenzari

Annotations:
D:3 SwimG's ghost, amateur DDHu


Innate Abilities, Weirdness & Mutations

You are tiny and cannot use many weapons and most armour.
You have supernaturally acute eyesight.
You are a herbivore.
You cover ground extremely quickly.
You need consume almost no food.


Message History

The rat closely misses you.
You see here 11 gold pieces.
You now have 11 gold pieces.
The kobold shouts!
The rat twitches its whiskers.
The rat misses you.
Found a stone staircase leading up.
You see here an inky potion.
e - 2 inky potions (gained 1)
There is a stone staircase leading up here.
The kobold completely misses you.
A worm comes into view.
The kobold hits you but does no damage. The rat closely misses you.
An orc priest comes into view. It is wielding a mace.
The orc priest shouts!
The orc hits you with a mace.
The orc priest mumbles some strange prayers to Beogh against you.
Something smites you!
Ouch! That really hurt!
You die...

##..........
##............
###..............
.................
.................
.................
#.............
##..@.........
##..oKr........
#.w..##W.........
##...##.#........
..###.............. . ###.
...#.#.(........ . #...
#...o..........
####.#.###..#.#.........
###....#..##.#..#.(.......


You could see a worm, an orc priest, SwimG's ghost, an orc, a kobold and a rat.

Vanquished Creatures
  An adder (D:3)
  A giant gecko (D:3)
  A bat (D:2)
  A quokka (D:3)
  2 goblins
  A kobold (D:3)
  A rat (D:3)
8 creatures vanquished.

Vanquished Creatures (others)
  2 starspawn tentacles (Abyss:1)
  38 starspawn tentacle segments (Abyss:1)
40 creatures vanquished.

Grand Total: 48 creatures vanquished

Notes
Turn   | Place    | Note
--------------------------------------------------------------
     0 | Abyss:1  | 4thArraOfDagon the Spriggan Abyssal Knight began the quest for the Orb.
     0 | Abyss:1  | Reached XP level 1. HP: 11/11 MP: 3/3
    77 | Abyss:1  | Noticed a neqoxec
    85 | Abyss:1  | Noticed a chaos spawn
    89 | Abyss:1  | Noticed a large abomination
    98 | Abyss:1  | Noticed a tentacled starspawn
   117 | Abyss:1  | Noticed a wight
   132 | Abyss:1  | Noticed a snapping turtle simulacrum
   177 | Abyss:2  | Noticed a thrashing horror
   180 | Abyss:2  | Noticed a thrashing horror
   191 | D:1      | Escaped the Abyss
   219 | D:3      | Reached skill level 1 in Stealth
   232 | D:3      | Reached * piety under Lugonu
   244 | D:3      | Noticed an ogre
   246 | D:3      | Found a shattered altar of Ashenzari.
   277 | D:3      | Reached XP level 2. HP: 13/16 MP: 4/4
   283 | D:3      | Noticed SwimG's ghost (amateur DDHu)
   378 | D:3      | Killed from afar by an orc priest

Vault maps used:
D:1:      lemuel_arrival_broad_hall
D:3:      overflow_temple_1_default, first_bread
Abyss:2:  hangedman_decor_points

Action                   || total
-------------------------++-------
Melee: Short sword       ||    33
Invok: Depart the Abyss  ||     1
Evoke: Wand              ||     1
  Use: Scroll            ||     3
 Stab: Sleeping          ||     2
